 Dungeon Crawl Stone Soup version 0.29-a0-723-gce39da1c22 (webtiles) character file.

Game seed: 13317755395722754782

126 gobodom the Cudgeller (level 4, 0/63 HPs)
             Began as a Troll Gladiator on June 28, 2022.
             Was a High Priest of Ignis.
             Slain by Sigmund
             ... wielding a +2 scythe of freezing
              (1 damage)
             ... on level 2 of the Dungeon.
             The game lasted 00:04:53 (1442 turns).

gobodom the Cudgeller (Troll Gladiator)             Turns: 1442, Time: 00:04:54

Health: 0/63       AC:  5    Str: 22    XL:     4   Next: 83%
Magic:  3/3        EV: 10    Int:  6    God:    Ignis [*****.]
Gold:   57         SH:  0    Dex: 11    Spells: 3/3 levels left

rFire   + . .      SeeInvis .   a - +0 flail
rCold   . . .      Faith    .   (no shield)
rNeg    . . .      Spirit   .   b - +0 robe
rPois   .          Reflect  .   c - +0 hat
rElec   .          Harm     .   m - +0 cloak
rCorr   .          Rampage  .   (gloves unavailable)
Will    .....                   (boots unavailable)
Stlth   ..........              (no amulet)
HPRegen 1.00/turn               (no ring)
MPRegen 0.08/turn               (no ring)

@: mighty, berserking, very quick
A: large, unfitting armour, claws 3, regeneration 1, shaggy fur 1, tough skin 1
a: Renounce Religion, Fiery Armour, Foxfire Swarm, Rising Flame


You were on level 2 of the Dungeon.
You worshipped Ignis.
Ignis was extremely pleased with you.
You visited 1 branch of the dungeon, and saw 4 of its levels.

You collected 57 gold pieces.

Inventory:

Hand Weapons
 a - a +0 flail (weapon)
Missiles
 d - 3 throwing nets (quivered)
 e - a large rock
 k - 4 poisoned darts
Armour
 b - a +0 robe (worn)
 c - a +0 hat (worn)
 m - a +0 cloak (worn)
Scrolls
 f - 4 scrolls of fear {unknown}
 h - a scroll of amnesia {unknown}
 i - a scroll of identify {unknown}
 l - a scroll of vulnerability {unknown}
 n - 2 scrolls of noise {unknown}
 o - 2 scrolls of summoning {unknown}
 r - a scroll of enchant weapon {unknown}
 s - a scroll of teleportation {unknown}
Potions
 g - a potion of might
 p - 2 potions of curing {unknown}
 q - 2 potions of cancellation {unknown}


   Skills:
 + Level 2.1 Fighting
 + Level 4.1 Maces & Flails
 + Level 2.0 Throwing
 + Level 3.1 Dodging
 + Level 0.3 Stealth


You had 3 spell levels left.
You didn't know any spells.
Your spell library contained the following spells:

 Spells                   Type           Power      Damage    Failure   Level
 Necrotize                Necr           0%         1d4       45%         1
 Vampiric Draining        Necr           0%         2d6       83%         3
 Agony                    Necr           0%         N/A       100%        5


Dungeon Overview and Level Annotations

Branches:
Dungeon (4/15)
 Temple: D:4-7

Altars:
Ignis

Annotations:
D:2 Sigmund


Innate Abilities, Weirdness & Mutations

You are too large for most types of armour.
You have claws for hands.
Your natural rate of healing is unusually fast.
You are covered in fur. (AC +1)
You have tough skin. (AC +1)


Message History

Sigmund flickers and vanishes!
Deactivating autopickup; reactivate with Ctrl-A.
You hear some strange, mumbled words.
You are confused.
A magic dart appears from out of thin air!
The magic dart hits you. Something hits you. Something freezes you.
You bump into the rock wall.
Something hits you! Something freezes you.
You feel less confused. Something hits you! Something freezes you.
You hit something but do no damage.
You hear a zap.
A puff of flame appears from out of thin air!
The puff of flame hits you. You resist.
You barely miss something. Something hits you!
* * * LOW HITPOINT WARNING * * *
Something freezes you.
* * * LOW HITPOINT WARNING * * *
You barely miss something.
You hear a zap.
A puff of flame appears from out of thin air!
The puff of flame hits you. You resist.
* * * LOW HITPOINT WARNING * * *
You barely miss something.
You hear a zap.
A puff of flame appears from out of thin air!
The puff of flame hits you but does no damage.
It was a potion of might.
You feel very mighty all of a sudden.
You hear a zap.
A puff of flame appears from out of thin air!
The puff of flame hits you. You resist.
* * * LOW HITPOINT WARNING * * *
It was a potion of berserk rage.
A red film seems to cover your vision as you go berserk!
You feel yourself moving faster!
You feel mighty! Something hits you!
* * * LOW HITPOINT WARNING * * *
Something freezes you.
You die...

#####.# #.....#
.### #># .....
#.# #
......#.## ###
.......@.# #..
####.##{.......
#.# # #.#######
#.# #.. #.# ###
#.# #.# #.#
##.# ###...


There were no monsters in sight!

Vanquished Creatures
  A phantom (D:4)
  2 adders (D:2)
  A dart slug (D:1)
  4 bats
  4 endoplasms
  4 giant cockroaches
  2 goblins (D:1)
  3 hobgoblins (D:1)
  A quokka (D:2)
  3 ball pythons
  3 frilled lizards
  A kobold (D:1)
  3 rats
32 creatures vanquished.

Notes
Turn   | Place    | Note
-------+----------+-------------------------------------------
     0 | D:1      | gobodom the Troll Gladiator began the quest for the Orb.
     0 | D:1      | Reached XP level 1. HP: 19/19 MP: 0/0
    57 | D:1      | Reached XP level 2. HP: 23/27 MP: 1/1
    62 | D:1      | Reached skill level 3 in Maces & Flails
   291 | D:1      | Found a faded altar of an unknown god.
   308 | D:1      | Prayed at the altar of an unknown god.
   308 | D:1      | Became a worshipper of Ignis, the Dying Flame
   943 | D:2      | Reached XP level 3. HP: 28/35 MP: 2/2
  1304 | D:2      | You fall into a shaft and drop 2 floors!
  1308 | D:4      | Noticed a phantom
  1315 | D:4      | Killed a phantom
  1316 | D:4      | Reached skill level 4 in Maces & Flails
  1316 | D:4      | Reached XP level 4. HP: 39/42 MP: 3/3
  1428 | D:2      | Noticed Sigmund
  1442 | D:2      | HP: 1/63 [something (8)]
  1442 | D:2      | Slain by Sigmund

Illustrated notes

Levels and vault maps discovered:
D:1:      saegor_arrival_miasma, layout_loops_ring, basic_ecumenical_altar,
          kennysheep_nondescript, minmay_pentomino_z4
D:2:      layout_loops_ring, uniq_sigmund
D:3:      layout_loops_cross, chequers_serial_rivers_micro_a,
          minmay_strange_pillars, kennysheep_cluttered_room
D:4:      layout_rooms, minmay_temple_entry_fiery, minmay_gold_behind_fungi,
          minmay_misc_feat_enclosed, uniq_robin, uniq_ijyb

Skill      XL: |  1  2  3 |
---------------+----------+-----
Maces & Flails | 3 4 |  4.1
Throwing       | 2 |  2.0
Fighting       | 2 |  2.1
Dodging        | 3 |  3.1
Stealth        | |  0.3

Action                   |  1- 3 |  4- 6 || total
-------------------------+-------+-------++-------
Melee: Flail             |    86 |    17 ||   103
  Use: Potion            |       |     2 ||     2
 Stab: Sleeping          |     2 |       ||     2
Armor: Robe              |    29 |    12 ||    41
Dodge: Dodged            |    53 |    14 ||    67

Table legend: (Time is in decaauts)
 A = Elapsed time spent in this place.
 B = Non-inter-level travel time spent in this place.
 C = Inter-level travel time spent in this place.
 D = Time resting spent in this place.
 E = Time spent auto-exploring this place.
 F = Levels seen in this place.
 G = Mean time per level.
                   A        B        C        D        E       F      G
               +--------+--------+--------+--------+--------+-----+--------+
         Total |   1464 |   1391 |     73 |      0 |    892 |   4 |  366.0 |
       Dungeon |   1464 |   1391 |     73 |      0 |    892 |   4 |  366.0 |
               +--------+--------+--------+--------+--------+-----+--------+

Top non-repeatable levels by time:
     D:1: 933 daAuts
     D:2: 404 daAuts
     D:3: 111 daAuts
     D:4: 15 daAuts
